 Dungeon Crawl Stone Soup version 0.26.0-10-g1f06aea511 (webtiles) character file.

Game seed: 505996401684546017

470 Amaterasu the Skirmisher (level 6, -4/51 HPs)
             Began as a Demonspawn Fighter on Feb 6, 2021.
             Slain by an ogre
             ... wielding a +0 giant club
              (13 damage)
             ... on level 4 of the Dungeon.
             The game lasted 00:04:36 (2486 turns).

Amaterasu the Skirmisher (Demonspawn Fighter)       Turns: 2486, Time: 00:04:37

Health: -4/51      AC: 12    Str: 25    XL:     6   Next: 82%
Magic:  6/6        EV:  8    Int:  9    God:
Gold:   186        SH:  9    Dex: 12    Spells: 5/5 levels left

rFire    . . .     SeeInvis .   a - +1 war axe
rCold    . . .     Faith    .   c - +0 kite shield
rNeg     . . .     Spirit   .   b - +0 scale mail
rPois    .         Reflect  .   g - +2 helmet
rElec    .         Harm     .   (no cloak)
rCorr    .         Rampage  .   (no gloves)
Will     +....                  (no boots)
Stlth    ..........             (no amulet)
HPRegen  0.17/turn              f - ring of willpower
MPRegen  0.10/turn              o - +6 ring of strength

@: no status effects
A: hooves 1, thin metallic scales 1
a: no special abilities


You were on level 4 of the Dungeon.
You visited 1 branch of the dungeon, and saw 4 of its levels.

You collected 186 gold pieces.

Inventory:

Hand Weapons
 a - a +1 war axe (weapon)
Armour
 b - a +0 scale mail (worn)
 c - a +0 kite shield (worn)
 g - a +2 helmet (worn)
 l - a +0 chain mail
Jewellery
 f - a ring of willpower (left hand)
 o - a +6 ring of strength (right hand)
Scrolls
 d - a scroll of magic mapping
 j - 3 scrolls of identify
 m - a scroll of amnesia
 n - a scroll of fear
 p - a scroll of remove curse
Potions
 e - a potion of curing
 h - a potion of brilliance
 i - 2 potions of attraction
 k - a potion of heal wounds
 q - a potion of haste {unknown}


   Skills:
 - Level 5.0 Fighting
 - Level 5.0 Axes
 * Level 3.3 Armour
 * Level 1.5 Dodging
 - Level 2.6 Shields


You had 5 spell levels left.
You didn't know any spells.
Your spell library was empty.

Dungeon Overview and Level Annotations

Branches:
Dungeon (4/15)
 Temple: D:4-7

Altars:
Elyvilon
Nemelex Xobeh
Sif Muna
Trog
The Shining One

Shops:
D:4 =

Annotations:
D:3 2 transporters, rnawigator's ghost, amateur DrTm


Innate Abilities, Weirdness & Mutations

You have large cloven feet.
You are partially covered in thin metallic scales. (AC +2)


Message History

An ogre comes into view. It is wielding a +0 giant club.
An ogre is nearby!
An ogre is nearby!
An ogre is nearby!
The ogre shouts!
You hit the ogre but do no damage. The ogre hits you with a +0 giant club.
You barely miss the ogre. Your kick misses the ogre.
The ogre hits you with a +0 giant club!!
You hit the ogre. You kick the ogre.
The ogre is moderately wounded.
The ogre hits you with a +0 giant club!!
* * * LOW HITPOINT WARNING * * *
A worker ant comes into view.
You are too injured to fight recklessly!
You are too injured to fight recklessly!
You are too injured to fight recklessly!
You slash the ogre! You kick the ogre, but do no damage.
The ogre is almost dead.
The ogre hits you with a +0 giant club!
You die...

# #.# ### ### ### # #.#
#.. # #.# #.# # #.# #..
#.# #.### #.# #.##.. #.#
#.##.# #.# #.##.# #.#
#@##.# #.# #O##.# # #.#
#B#..######.# #
#.#####...........# #
#..........#############
#######.#....>###.......
#.#..###.##.######
######....# #..........
#.........###.##.###...


You could see an ogre and a worker ant.

Vanquished Creatures
  2 phantoms (D:4)
  An orc priest (D:3)
  A bullfrog skeleton (D:4)
  An iguana (D:4)
  2 orc wizards
  7 adders
  A worm (D:2)
  3 dart slugs
  2 leopard geckos
  7 orcs (D:3)
  14 bats
  3 giant cockroaches
  8 hobgoblins
  3 jackals (D:1)
  5 quokkas
  2 ball pythons
  5 frilled lizards
  9 goblins
  9 kobolds
  A leopard gecko skeleton (D:4)
  A quokka skeleton (D:4)
  5 rats
92 creatures vanquished.

Vanquished Creatures (others)
  2 plants (D:2)
2 creatures vanquished.

Grand Total: 94 creatures vanquished

Notes
Turn   | Place    | Note
-------+----------+-------------------------------------------
     0 | D:1      | Amaterasu the Demonspawn Fighter began the quest for the
                  | Orb.
     0 | D:1      | Reached XP level 1. HP: 18/18 MP: 1/1
   106 | D:1      | Gained mutation: You are partially covered in thin metallic
                  | scales. (AC +2) [demonic ancestry]
   106 | D:1      | Reached XP level 2. HP: 24/24 MP: 2/2
   418 | D:1      | Gained mutation: You have large cloven feet. [demonic
                  | ancestry]
   418 | D:1      | Reached XP level 3. HP: 30/30 MP: 3/3
   917 | D:2      | Reached XP level 4. HP: 35/37 MP: 4/4
  1014 | D:2      | Found a faded altar of an unknown god.
  1416 | D:3      | Found a bloodstained altar of Trog.
  1440 | D:3      | Found a glowing golden altar of the Shining One.
  1455 | D:3      | Found a sparkling altar of Nemelex Xobeh.
  1479 | D:3      | Found a white marble altar of Elyvilon.
  1511 | D:3      | Reached XP level 5. HP: 37/43 MP: 5/5
  1848 | D:3      | Found a transporter.
  1848 | D:3      | Noticed rnawigator's ghost (amateur DrTm)
  1879 | D:3      | Found a transporter.
  2059 | D:4      | Found Ipsoul's Jewellery Shop.
  2065 | D:4      | Noticed a phantom
  2101 | D:4      | Killed a phantom
  2102 | D:4      | Reached XP level 6. HP: 47/50 MP: 6/6
  2139 | D:4      | Reached skill level 5 in Fighting
  2210 | D:4      | Found a shimmering blue altar of Sif Muna.
  2222 | D:4      | Reached skill level 5 in Axes
  2404 | D:4      | Reached skill level 1 in Dodging
  2486 | D:4      | Slain by an ogre

Illustrated notes

Levels and vault maps discovered:
D:1:      ebering_trefoil_3fold, layout_loops_ring
D:2:      layout_rooms, chequers_ecumenical_altar_lobes
D:3:      layout_rooms, grunt_temple_overflow_open, gammafunk_ghost_mausoleum,
          bloody_trog
D:4:      layout_loops_ring, lemuel_temple_firewalk_b, serial_shops,
          shop_fountains, led_sif_book

Skill      XL: |  1  2  3  4  5  6 |
---------------+-------------------+-----
Axes           | 2 3 4 5 |  5.0
Fighting       | 4 5 |  5.0
Armour         | 3 |  3.3
Dodging        | 1 |  1.5
Shields        | |  2.6

Action                   |  1- 3 |  4- 6 || total
-------------------------+-------+-------++-------
Melee: War axe           |    91 |   130 ||   221
       Kick              |     8 |    40 ||    48
  Use: Scroll            |     3 |     7 ||    10
       Potion            |       |     1 ||     1
Armor: Scale mail        |    47 |    67 ||   114
Dodge: Dodged            |    37 |    52 ||    89
Block: Kite shield       |    53 |    65 ||   118
